 Dungeon Crawl Stone Soup version 0.22-b1-59-g0aedee7 (webtiles) character file.

30 Goblin1989 the Chopper (level 3, -30/29 HPs)
             Began as a Demonspawn Chaos Knight on Aug 10, 2018.
             Annihilated by a shadow (33 damage)
             ... summoned by the capriciousness of Xom
             ... on level 1 of the Dungeon.
             The game lasted 00:02:35 (1095 turns).

Goblin1989 the Chopper (Demonspawn Chaos Knight)    Turns: 1095, Time: 00:02:36

Health: -30/29     AC:  5    Str: 13    XL:     3   Next: 5%
Magic:  3/3        EV: 11    Int: 13    God:    Xom [......]
Gold:   36         SH:  0    Dex: 12    Spells: 2/2 levels left

rFire    . . .     SeeInvis .   a - +0 hand axe (chaos)
rCold    . . .     Gourm    .   (no shield)
rNeg     . . .     Faith    .   b - +2 leather armour
rPois    .         Spirit   .   (no helmet)
rElec    .         Reflect  .   (no cloak)
rCorr    .         Harm     .   (no gloves)
MR       .....                  (no boots)
Stlth    +.........             (no amulet)
HPRegen  0.09/turn              (no ring)
MPRegen  0.08/turn              (no ring)

@: no status effects
A: sturdy frame 2
a: Renounce Religion


You were on level 1 of the Dungeon.
You worshipped Xom.
You were a very special plaything of Xom.
You were not hungry.

You visited 1 branch of the dungeon, and saw 2 of its levels.

You collected 36 gold pieces.

Inventory:

Hand Weapons
 a - a +0 hand axe of chaos (weapon)
Missiles
 h - 36 arrows
 m - 21 stones (quivered) {@Q3}
Armour
 b - a +2 leather armour (worn)
Scrolls
 g - a scroll of magic mapping {unknown}
 j - a scroll of identify {unknown}
 k - a scroll of blinking {unknown}
 o - a scroll of teleportation {unknown}
Potions
 i - a potion of curing {unknown}
 l - a potion of brilliance {unknown}
Comestibles
 e - 3 rations


   Skills:
 - Level 3.0 Fighting
 + Level 3.8 Axes
 - Level 1.7 Armour
 - Level 0.8 Dodging


You had 2 spell levels left.
You didn't know any spells.
Your spell library was empty.

Dungeon Overview and Level Annotations

Branches:
Dungeon (2/15)

Altars:


Innate Abilities, Weirdness & Mutations

Your movements are less encumbered by armour. (ER -4)


Message History

Health restored: 24 A goblin is nearby! "Have a taste of chaos, mortal."
The goblin's club is briefly surrounded by a scintillating aura of random colours.
The goblin hits you but does no damage.
You hit the goblin.
You kill the goblin!
No target in view!
No target in view!
No target in view!
No target in view!
No target in view!
No target in view!
You butcher the goblin corpse.
n - a chunk of flesh You see here a club of chaos. x2
Found a stone staircase leading down.
o - a scroll labeled VIAKHL UGAREDOE
There is a stone staircase leading down here.
A leopard gecko comes into view.
A gnoll comes into view. It is wielding a spear.
The leopard gecko hisses angrily.
A kobold comes into view.
Unknown command.
A gnoll comes into view. It is wielding a halberd.
The gnoll shouts!
A gnoll comes into view. It is wielding a whip.
The kobold barely misses you.
You see here a club of chaos.
Xom's power touches on you for a moment.
You are outlined in light.
You closely miss the kobold. The kobold barely misses you.
You hit the kobold. Lightning courses through the kobold!
You kill the kobold!
You have reached level 3!
Your experience leads to an increase in your attributes!
Increase (S)trength, (I)ntelligence, or (D)exterity?
You feel stronger.
Your demonic ancestry asserts itself...
You feel less encumbered by your armour.
You are feeling hungry.
Health restored: 29; MP restored: 3 Unknown command.
You closely miss the leopard gecko.
The leopard gecko completely misses you.
You barely miss the leopard gecko.
The leopard gecko bites you but does no damage.
The gnoll hits you from afar with a halberd.
You take 4 damage, and have 25/29 hp.
You completely miss the leopard gecko. The leopard gecko bites you. x2
You take 3 damage, and have 22/29 hp.
You hit the leopard gecko. You burn the leopard gecko.
You kill the leopard gecko!
The gnoll hits you from afar with a halberd!
* * * LOW HITPOINT WARNING * * *
You are too injured to fight recklessly!
You take 10 damage, and have 12/29 hp.
MASSIVE DAMAGE!!
You are too injured to fight recklessly!
You are too injured to fight recklessly!
You are too injured to fight recklessly!
You are too injured to fight recklessly!
You are too injured to fight recklessly!
You are too injured to fight recklessly!
You are too injured to fight recklessly!
You are too injured to fight recklessly!
You are too injured to fight recklessly!
You are too injured to fight recklessly!
You are too injured to fight recklessly!
You are too injured to fight recklessly!
You are too injured to fight recklessly!
You are too injured to fight recklessly!
You are too injured to fight recklessly!
You are too injured to fight recklessly!
You are too injured to fight recklessly!
Unknown command.
There is a stone staircase leading up here.
The gnoll closely misses you.
You climb upwards.
There is a stone staircase leading down here.
Eating a chunk of flesh.
You eat the chunk of flesh.
This raw flesh tastes terrible.
Xom's power touches on you for a moment.
Flickering shadows surround you.
There are monsters nearby!
The shadow hits you!
* * * LOW HITPOINT WARNING * * *
Xom is mildly amused.
You take 10 damage, and have 3/29 hp.
MASSIVE DAMAGE!!
The shadow hits you.
* * * LOW HITPOINT WARNING * * *
You take 1 damage, and have 2/29 hp.
The shadow slips into darkness.
The shadow flickers and vanishes!
Deactivating autopickup; reactivate with Ctrl-A.
You are no longer glowing.
The shadow slips into darkness.
The shadow flickers and vanishes!
The shadow strikes at you from the darkness!
Ouch! That really hurt!
You die...
Xom cackles wildly!

...███.....█.█ █████.█
..█████......█ █.█
.█.....█.....████████
██████.█
███...███...........█
█......█
████.█████.....████.█
█.██████
..........█.....███.█ █>█
....<....███.....██.███.███
█.......█████.............█
.█.....█.....█..@██.███.█.█
███...███...███..██.█ █.█.█
████.█████.█████.██.███.█.█
.................██.....█.█
███>.█..███████.███████.█.█
███..█.██ █.......█ █.█.█
.......█ █.█.███.███.█.█
███.█[.██████...........█.█
█.█.........█.███.███.█.█


There were no monsters in sight!

Vanquished Creatures
  A worm (D:2)
  A dart slug (D:1)
  A leopard gecko (D:2)
  4 bats (D:1)
  3 giant cockroaches
  2 goblins
  4 jackals (D:1)
  2 kobolds
  A frilled lizard (D:1)
  3 rats (D:1)
22 creatures vanquished.

Notes
Turn   | Place    | Note
-------+----------+-------------------------------------------
     0 | D:1      | Goblin1989 the Demonspawn Chaos Knight began the quest for the Orb.
     0 | D:1      | Reached XP level 1. HP: 18/18 MP: 1/1
   212 | D:1      | Gained mutation: Your movements are slightly less encumbered by armour. (ER -2) [demonic ancestry]
   212 | D:1      | Reached XP level 2. HP: 24/24 MP: 2/2
   683 | D:1      | XOM: mild Chrm miscast
   691 | D:1      | XOM: medium Fire miscast
   843 | D:1      | XOM: silly message
  1022 | D:2      | XOM: chaos upgrade
  1068 | D:2      | XOM: mild Hex miscast
  1070 | D:2      | Gained mutation: Your movements are less encumbered by armour. (ER -4) [demonic ancestry]
  1070 | D:2      | Reached XP level 3. HP: 29/29 MP: 3/3
  1083 | D:1      | XOM: medium Necr miscast
  1084 | D:1      | Noticed a shadow
  1084 | D:1      | Noticed a shadow
  1095 | D:1      | Annihilated by a shadow

Skill      XL: |  1 |
---------------+----+-----
Axes           | 3 |  3.8
Fighting       | |  3.0
Armour         | |  1.7
Dodging        | |  0.8

Action                   || total
-------------------------++-------
Melee: Hand axe          ||    61
  Eat: Chunk             ||     1
Armor: Leather armour    ||    21
Dodge: Dodged            ||    37

Vault maps used:
D:1:      onia_arrival_pyramid
D:2:      first_ration, serial_bayou_pond_e, nicolae_ru_path_of_blood
